 Dungeon Crawl Stone Soup version 0.25.1-1-g288607f5aa (webtiles) character file.

Game seed: 3821777025042236567

140 Peloso the Covered (level 5, 0/47 HPs)
             Began as a Minotaur Fighter on July 25, 2020.
             Slain by an orc priest (1 damage)
             ... on level 3 of the Dungeon.
             The game lasted 00:03:57 (1881 turns).

Peloso the Covered (Minotaur Fighter)               Turns: 1881, Time: 00:03:57

Health: 0/47       AC: 10    Str: 20    XL:     5   Next: 2%
Magic:  4/4        EV: 10    Int:  5    God:
Gold:   98         SH:  9    Dex: 11    Spells: 4/4 levels left

rFire    . . .     SeeInvis .   a - +0 long sword
rCold    . . .     Gourm    .   c - +0 kite shield
rNeg     . . .     Faith    .   m - +0 chain mail
rPois    .         Spirit   .   (helmet restricted)
rElec    .         Reflect  .   n - +0 cloak
rCorr    .         Harm     .   (no gloves)
MR       .....                  (no boots)
Stlth    ..........             k - amulet of inaccuracy (curse)
HPRegen  0.15/turn              j - +4 ring of evasion
MPRegen  0.09/turn              o - ring of attention (curse)

@: stab
A: retaliatory headbutt, horns 2
a: no special abilities


You were on level 3 of the Dungeon.
You were near starving.

You visited 1 branch of the dungeon, and saw 3 of its levels.

You collected 98 gold pieces.

Inventory:

Hand Weapons
 a - a +0 long sword (weapon)
Missiles
 e - 41 bolts
Armour
 b - a +0 scale mail
 c - a +0 kite shield (worn)
 m - a +0 chain mail (worn)
 n - a +0 cloak (worn)
Jewellery
 j - a +4 ring of evasion (left hand)
 k - a cursed amulet of inaccuracy (around neck)
 o - a cursed ring of attention (right hand)
Scrolls
 h - a scroll of teleportation
 l - a scroll of identify
Potions
 d - a potion of might
Comestibles
 f - 3 rations


   Skills:
 + Level 4.3 Fighting
 + Level 3.4 Long Blades
 + Level 4.8 Armour
 + Level 1.3 Dodging
 + Level 4.7 Shields


You had 4 spell levels left.
You didn't know any spells.
Your spell library was empty.

Dungeon Overview and Level Annotations

Branches:
Dungeon (3/15)

Altars:
Dithmenos
Nemelex Xobeh


Innate Abilities, Weirdness & Mutations

You reflexively headbutt those who attack you in melee.
You have a pair of horns on your head.


Message History

a +0 dagger; a +0 robe You miss the orc priest.
Your headbutt misses the orc priest.
The orc priest is heavily wounded.
The orc priest completely misses you.
You riposte.
You closely miss the orc priest.
The orc priest is heavily wounded.
The orc priest hits you but does no damage.
Unknown command.
You closely miss the orc priest.
The orc priest is heavily wounded.
The orc priest completely misses you.
You miss the orc priest. Your headbutt misses the orc priest.
The orc priest is heavily wounded.
The orc priest mumbles some strange prayers to Beogh against you.
Beogh smites you!
* * * LOW HITPOINT WARNING * * *
You hit the orc priest.
The orc priest is severely wounded.
The orc priest closely misses you. The orc priest hits you.
You die...

#... #...
+#...#+
###.....#######
...............
.....8......#
.......o....#
#....@###
+#...#..##
#...#.†.#
#...##(<# #...
#### ..#. .....
.#####


You could see an orc priest.

Vanquished Creatures
  An orc wizard (D:3)
  A worker ant (D:2)
  3 adders (D:2)
  A worm (D:2)
  A dart slug (D:1)
  3 orcs (D:2)
  A ball python (D:1)
  2 giant cockroaches
  7 goblins
  6 hobgoblins
  4 jackals (D:2)
  4 kobolds
  A quokka (D:2)
  6 bats
  4 frilled lizards
  5 rats
50 creatures vanquished.

Notes
Turn   | Place    | Note
-------+----------+-------------------------------------------
     0 | D:1      | Peloso the Minotaur Fighter began the quest for the Orb.
     0 | D:1      | Reached XP level 1. HP: 19/19 MP: 0/0
   194 | D:1      | Reached XP level 2. HP: 27/27 MP: 1/1
   803 | D:2      | Reached XP level 3. HP: 27/33 MP: 2/2
  1379 | D:2      | Found a shadowy altar of Dithmenos.
  1433 | D:2      | Found a sparkling altar of Nemelex Xobeh.
  1444 | D:2      | Reached XP level 4. HP: 25/40 MP: 3/3
  1816 | D:2      | Reached skill level 1 in Dodging
  1876 | D:3      | Reached XP level 5. HP: 13/47 MP: 4/4
  1880 | D:3      | HP: 1/47 [orc priest/divine providence (13)]
  1881 | D:3      | Slain by an orc priest

Illustrated notes

Levels and vault maps discovered:
D:1:      dpeg_arrival_solitude, layout_loops_ring
D:2:      layout_rooms, lemuel_doored_altar, nicolae_overflow_crystal_walls,
          minivault_23, minmay_misc_feat_nine_boxes
D:3:      layout_basic, grunt_ministairs_6, uniq_robin

Skill      XL: |  1  2  3  4 |
---------------+-------------+-----
Fighting       | 4 |  4.3
Shields        | 4 |  4.7
Armour         | 4 |  4.8
Long Blades    | 3 |  3.4
Dodging        | 1 |  1.3

Action                   |  1- 3 |  4- 6 || total
-------------------------+-------+-------++-------
Melee: Long sword        |   150 |    75 ||   225
       Headbutt          |    16 |     4 ||    20
  Use: Potion            |     2 |     1 ||     3
       Scroll            |     1 |     2 ||     3
  Eat: Chunk             |     2 |       ||     2
Armor: Scale mail        |    61 |       ||    61
       Chain mail        |    27 |    28 ||    55
Dodge: Dodged            |    51 |    38 ||    89
Block: Kite shield       |    95 |    52 ||   147
       Rpst.: Long sword |    11 |     9 ||    20
